 Dungeon Crawl Stone Soup version 0.24.0-28-g17ded55e90 (webtiles) character file.

Game seed: 3310649055154868000, levelgen mode: deterministic

8094 Faust the Thaumaturge (level 11, -1/58 HPs)
             Began as a Deep Elf Fire Elementalist on Nov 5, 2019.
             Was a Priest of Vehumet.
             Slain by an unseen horror (6 damage)
             ... on level 10 of the Dungeon on Nov 11, 2019.
             The game lasted 01:45:33 (16302 turns).

Faust the Thaumaturge (Deep Elf Fire Elementalist) Turns: 16302, Time: 01:45:34

Health: -1/58      AC:  3    Str:  5    XL:     11   Next: 5%
Magic:  28/28      EV: 15    Int: 31    God:    Vehumet [***...]
Gold:   689        SH:  0    Dex: 15    Spells: 3/32 levels left

rFire    . . .     SeeInvis .   s - +7 long sword "Jixiz" {slice, Fragile +Blink Int+7 Stlth+}
rCold    . . .     Gourm    .   (no shield)
rNeg     . . .     Faith    .   a - +0 robe
rPois    .         Spirit   .   (no helmet)
rElec    .         Reflect  .   I - scarf {repulsion}
rCorr    .         Harm     .   (no gloves)
MR       ++...                  b - +0 pair of boots
Stlth    ++++......             L - amulet of magic regeneration
HPRegen  0.19/turn              H - ring of protection from magic
MPRegen  0.46/turn              (no ring)

@: about to teleport, repel missiles
A: no striking features
a: Renounce Religion, Evoke Blink


You were on level 10 of the Dungeon.
You worshipped Vehumet.
Vehumet was most pleased with you.
You were not hungry.

You visited 2 branches of the dungeon, and saw 11 of its levels.
You also visited: Ossuary and Bailey.

You collected 689 gold pieces.

Inventory:

Hand Weapons
 j - a +1 short sword of draining
 s - the +7 long sword "Jixiz" (weapon) {slice, Fragile +Blink Int+7 Stlth+}
   (You found it on level 4 of the Dungeon)

   It inflicts extra damage upon your enemies.
   It affects your intelligence (+7).
   It lets you blink.
   It will be destroyed if unequipped.
   It makes you more stealthy.
Missiles
 d - 17 poisoned darts (quivered)
 f - 5 curare-tipped darts
 r - 5 datura-tipped darts
Armour
 a - a +0 robe (worn)
 b - a +0 pair of boots (worn)
 x - a +1 cloak
 I - a scarf of repulsion (worn)
Magical Staves
 h - an uncursed staff of conjuration
Jewellery
 z - a +3 amulet of reflection
 H - a ring of protection from magic (left hand)
 L - an amulet of magic regeneration (around neck)
Wands
 m - a wand of disintegration (26)
 y - a wand of paralysis (11)
 A - a wand of acid (1)
 E - a wand of enslavement (9)
 G - a wand of polymorph (10)
 J - a wand of flame (21)
Scrolls
 g - 2 scrolls of enchant weapon
 i - a scroll of enchant armour
 l - 6 scrolls of remove curse
 n - a scroll of noise
 q - 6 scrolls of immolation
 v - 3 scrolls of fog
 D - 3 scrolls of amnesia
 K - 2 scrolls of magic mapping {unknown}
 M - 2 scrolls of brand weapon
Potions
 k - 8 potions of curing
 o - a potion of mutation {unknown}
 p - 3 potions of flight
 t - 2 potions of haste
 u - a potion of berserk rage {unknown}
 w - a potion of might
 B - a potion of magic
 C - 2 potions of brilliance {unknown}
 F - a potion of lignification {unknown}
Comestibles
 c - 17 rations


   Skills:
 + Level 2.4 Fighting
 - Level 1.0(4.2) Short Blades
 + Level 6.1 Long Blades
 + Level 2.1 Throwing
 + Level 5.6 Dodging
 + Level 5.7 Stealth
 + Level 11.2 Spellcasting
 + Level 8.5 Conjurations
 + Level 2.0 Hexes
 * Level 1.1 Charms
 + Level 0.8 Necromancy
 + Level 9.1 Fire Magic
 + Level 0.1 Air Magic
 + Level 0.4 Evocations


You had 3 spell levels left.
You knew the following spells:

 Your Spells              Type           Power        Failure   Level  Hunger
a - Flame Tongue          Conj/Fire      #####        1%          1    None
b - Throw Flame           Conj/Fire      ######       1%          2    None
c - Conjure Flame         Conj/Fire      ######..     1%          3    None
d - Inner Flame           Hex/Fire       ######..     1%          3    None
e - Sticky Flame          Conj/Fire      ######..     1%          4    None
f - Fireball              Conj/Fire      ######....   1%          5    ##.....
g - Ring of Flames        Chrm/Fire      #####.....   96%         7    ######.
h - Animate Skeleton      Necr           N/A          1%          1    None
i - Static Discharge      Conj/Air       #####...     1%          3    None

Your spell library contained the following spells:

 Spells                   Type           Power        Failure   Level  Hunger
 Confusing Touch          Hex            ####..       1%          1    None
 Corona                   Hex            ####...      1%          1    None
 Slow                     Hex            ####....     1%          2    None
 Mephitic Cloud           Conj/Pois/Air  #####...     1%          3    None
 Apportation              Tloc           ###...       2%          1    None
 Summon Small Mammal      Summ           ###.         3%          1    None
 Confuse                  Hex            ####....     3%          3    None
 Poisonous Vapours        Pois/Air       ###...       4%          2    None
 Portal Projectile        Hex/Tloc       ###...       6%          3    None
 Gell's Gravitas          Tloc           ###.......   9%          3    None
 Cause Fear               Hex            ####......   13%         4    None
 Yara's Violent Unravell  Hex/Tmut       ###.......   14%         5    ##.....
 Leda's Liquefaction      Hex/Erth       ###.......   19%         4    None
 Petrify                  Tmut/Erth      ###.....     28%         4    None
 Freezing Cloud           Conj/Ice/Air   #####.....   32%         6    #####..
 Metabolic Englaciation   Hex/Ice        ###.......   47%         5    ##.....


Dungeon Overview and Level Annotations

Branches:
Dungeon (10/15)            Temple (1/1) D:5             Orc (0/2) D:9
Ossuary (visited)          Bailey (visited)
   Lair: D:8-11

Altars:
Ashenzari
Cheibriados
Dithmenos
Elyvilon
Fedhas
Gozag
Hepliaklqana
Kikubaaqudgha
Makhleb
Nemelex Xobeh
Okawaru
Qazlal
Ru
Sif Muna
Trog
Uskayaw
Vehumet
Wu Jian
Xom
Yredelemnul
Zin
The Shining One

Shops:
D:10 !

Annotations:
D:4 bl3nd3r's ghost, weakling HOAK
D:8 exclusion: oklob plant


Message History

Aiming: Flame Tongue (safe; 1% risk of failure)
Press: ? - help, Shift-Dir - straight line The flame tongue hits something!
Something hits you! Something hits you.
* * * LOW HITPOINT WARNING * * *
Casting: Flame Tongue (safe; 1% risk of failure)
Confirm with . or Enter, or press ? or * to list all spells.
You don't know that spell.
Unknown command.
Unknown command.
Something hits you.
* * * LOW HITPOINT WARNING * * *
Unknown command.
Unknown command.
Okay, then.
You fail to use your ability.
Something hits you.
* * * LOW HITPOINT WARNING * * *
You blink.
You feel slightly more hungry.
As you read the scroll of teleportation, it crumbles to dust.
You feel strangely unstable. Something hits you.
You die...

#...........#..# #....#.#.#.##
#........o#.#o.####............
#.........#.#[<##..............
#...........o..##ยง#....#####.##
#........##.......#..>..... ...
########.......................
#......{............$...
#......{..###...........
........@.## #....##### #
###.....#..# #....# #.....##.#
.. ....... .. #.. .## #. .. # ..
###


You could see 2 orc wizards and an orc (wandering).

Vanquished Creatures
  Pikel (D:6)
  Psyche (D:9)
  A troll (D:10)
  Prince Ribbit (D:8)
  3 hippogriffs
  A spriggan (D:7)
  3 water moccasins
  2 orc warriors
  7 ice beasts
  3 sky beasts
  3 slaves (D:6)
  2 ogres
  A necrophage (D:9)
  3 phantoms
  5 centaurs
  5 elf zombies (Ossuary)
  4 bullfrogs
  6 gnoll sergeants (Bailey)
  A water moccasin skeleton (D:4)
  3 scorpions
  9 killer bees (D:7)
  A howler monkey (D:5)
  4 crimson imps
  A quasit (D:5)
  3 centaur zombies
  2 centaur skeletons
  3 orc wizards
  7 hounds
  2 bullfrog skeletons
  5 human zombies (Ossuary)
  3 orc priests
  5 jellies
  6 gnoll shamans (Bailey)
  An iguana (D:5)
  10 worker ants
  A killer bee zombie (D:7)
  A hound zombie (D:5)
  3 hound skeletons
  3 mummies (Ossuary)
  3 worker ant zombies
  A howler monkey zombie (D:7)
  12 gnolls (Bailey)
  15 adders
  3 worms
  8 leopard geckos
  26 orcs
  8 giant cockroaches
  8 goblins
  7 hobgoblins
  19 jackals
  6 kobolds
  3 quokkas
  6 bats
  A frilled lizard (D:1)
  2 goblin skeletons (D:5)
  5 hobgoblin zombies (D:5)
  A jackal skeleton (D:5)
  An orc skeleton (D:5)
  3 orc zombies (D:5)
  2 quokka zombies (D:7)
  7 rats
  5 bushes (D:8)
  5 plants (D:8)
283 creatures vanquished.

Vanquished Creatures (collateral kills)
  An ogre (D:4)
  2 gnoll sergeants (Bailey)
  2 gnolls (Bailey)
  3 orcs (D:4)
  2 hobgoblins (D:4)
10 creatures vanquished.

Vanquished Creatures (others)
  2 centaurs
  An orc (D:4)
  A goblin (D:4)
  A kobold (D:10)
  17 toadstools (D:8)
22 creatures vanquished.

Grand Total: 315 creatures vanquished

Notes
Turn   | Place    | Note
-------+----------+-------------------------------------------
     0 | D:1      | Faust the Deep Elf Fire Elementalist began the quest for
                  | the Orb.
     0 | D:1      | Reached XP level 1. HP: 10/10 MP: 6/6
   354 | D:1      | Reached XP level 2. HP: 15/15 MP: 5/8
   363 | D:1      | Learned a level 2 spell: Throw Flame
  1378 | D:2      | Reached XP level 3. HP: 16/19 MP: 6/9
  1434 | D:2      | Learned a level 3 spell: Conjure Flame
  1727 | D:2      | Learned a level 3 spell: Inner Flame
  2131 | D:2      | Reached XP level 4. HP: 24/24 MP: 1/11
  2131 | D:2      | Reached skill level 4 in Spellcasting
  2625 | D:3      | Found a burning altar of Makhleb.
  2656 | D:3      | Reached XP level 5. HP: 28/28 MP: 0/14
  2797 | D:3      | Learned a level 4 spell: Sticky Flame
  3387 | D:4      | Reached skill level 5 in Spellcasting
  3387 | D:4      | Reached skill level 1 in Hexes
  3387 | D:4      | Reached skill level 5 in Fire Magic
  3562 | D:4      | Found a bloodstained altar of Trog.
  3792 | D:4      | Reached skill level 1 in Short Blades
  3792 | D:4      | Reached XP level 6. HP: 21/32 MP: 10/15
  3963 | D:4      | Got a twisted long sword
  3964 | D:4      | Identified the +7 long sword "Jixiz" {slice, Fragile +Blink
                  | Int+7 Stlth+} (You found it on level 4 of the Dungeon)
  4029 | D:4      | Found a runed translucent gate.
  4029 | D:4      | Found a runed translucent gate.
  4029 | D:4      | Found a runed translucent gate.
  4030 | D:4      | Found an opulent altar of Gozag.
  4150 | D:4      | Noticed a sky beast
  4150 | D:4      | Noticed bl3nd3r's ghost (weakling HOAK)
  4152 | D:4      | Noticed an ice beast
  4397 | D:4      | Reached skill level 1 in Throwing
  4635 | D:4      | Reached XP level 7. HP: 37/37 MP: 11/17
  4935 | D:4      | Reached skill level 1 in Long Blades
  4935 | D:4      | Reached skill level 6 in Spellcasting
  5397 | D:5      | Entered Level 5 of the Dungeon
  5547 | D:5      | Found a glowing golden altar of the Shining One.
  6240 | D:5      | Found a staircase to the Ecumenical Temple.
  6245 | D:5      | Reached XP level 8. HP: 42/42 MP: 17/19
  6247 | D:5      | Reached skill level 1 in Fighting
  6368 | Temple   | Entered the Ecumenical Temple
  6458 | Temple   | Became a worshipper of Vehumet
  7014 | D:5      | Learned a level 5 spell: Fireball
  7326 | D:6      | Reached skill level 7 in Spellcasting
  7758 | D:6      | Reached skill level 5 in Conjurations
  7780 | D:6      | Noticed Pikel
  7806 | D:6      | Killed Pikel
  7806 | D:6      | Reached skill level 5 in Stealth
  7806 | D:6      | Reached XP level 9. HP: 15/47 MP: 2/22
  8060 | D:6      | Learned a level 3 spell: Portal Projectile
  8471 | D:6      | Reached skill level 8 in Spellcasting
  9105 | D:7      | Found a sand-covered staircase.
  9113 | Ossuary  | Entered an ossuary
  9952 | D:7      | Reached * piety under Vehumet
  9952 | D:7      | Offered knowledge of Freeze by Vehumet.
 10076 | D:7      | Reached skill level 5 in Long Blades
 10101 | D:7      | Learned a level 1 spell: Animate Skeleton
 10223 | D:7      | Reached skill level 9 in Spellcasting
 10361 | D:7      | Reached skill level 5 in Dodging
 11037 | D:7      | Reached XP level 10. HP: 53/53 MP: 17/25
 11383 | D:8      | Found a flagged portal.
 11394 | Bailey   | Entered a bailey
 11397 | Bailey   | Offered knowledge of Sandblast by Vehumet.
 11400 | Bailey   | Reached ** piety under Vehumet
 11598 | Bailey   | Identified the +1 scale mail of the Swamp {MR+ Int+8
                  | Slay-5}
 12281 | D:8      | Noticed Prince Ribbit
 12435 | D:8      | Reached skill level 10 in Spellcasting
 12484 | D:8      | Upgraded the game from 0.24.0-13-gcf9b3192b9 to
                  | 0.24.0-28-g17ded55e90
 12531 | D:8      | Killed Prince Ribbit
 12896 | D:8      | Offered knowledge of Static Discharge by Vehumet.
 12901 | D:8      | Learned a level 3 spell: Static Discharge
 13608 | D:8      | Found a blossoming altar of Fedhas.
 13629 | D:8      | Noticed an oklob plant
 14191 | D:9      | Noticed Psyche
 14199 | D:9      | Killed Psyche
 14430 | D:9      | Reached *** piety under Vehumet
 14789 | D:9      | Reached skill level 11 in Spellcasting
 14799 | D:9      | Learned a level 7 spell: Ring of Flames
 14867 | D:9      | Found a staircase to the Orcish Mines.
 15096 | D:10     | Entered Level 10 of the Dungeon
 15326 | D:10     | Reached XP level 11. HP: 58/58 MP: 2/28
 15627 | D:10     | Found Gosum's Distillery.
 15656 | D:10     | Reached skill level 1 in Charms
 15678 | D:10     | HP: 2/58 [something (11)]
 15958 | D:10     | Noticed an unseen horror
 16302 | D:10     | Slain by an unseen horror

Levels and vault maps discovered:
D:1:      minmay_arrival_four_loops, layout_loops_corners
D:2:      kb_forest_paths, layout_basic
D:3:      layout_rooms, old_standard_altar, first_ration
D:4:      layout_basic, ebering_ghost_gozag, trog_hazing_becter
D:5:      cheibrodos_two_vegetables, layout_loops_ring,
          minmay_temple_entry_drinking_statues, hangedman_glass_teeth,
          nicolae_tso_besieged_by_evil
D:6:      layout_layer_cave, uniq_pikel
D:7:      layout_loops_ring, enter_ossuary_4, the_bakery
D:8:      layout_loops_ring, enter_bailey_1, tgw_fedhas, uniq_prince_ribbit1
D:9:      layout_gridville, orc_0_dummy, uniq_psyche
D:10:     layout_rooms, serial_shops, nicolae_shop_competitors_out_of_business
Temple:   dpeg_three_leaves_temple

Skill      XL: |  1  2  3  4  5  6  7  8  9 10 11 |
---------------+----------------------------------+-----
Dodging        | 3 4 5 |  5.6
Fire Magic     | 4 5 6 7 9 |  9.1
Spellcasting   | 4 5 6 7 9 11 | 11.2
Stealth        | 3 4 5 |  5.7
Conjurations   | 2 3 4 5 6 8 |  8.5
Hexes          | 1 2 |  2.0
Short Blades   | 1 |  1.0
Throwing       | 1 2 |  2.1
Long Blades    | 1 3 5 6 |  6.1
Fighting       | 1 2 |  2.4
Charms         | 1 |  1.1
Necromancy     | |  0.8
Air Magic      | |  0.1
Evocations     | |  0.4

Action                   |  1- 3 |  4- 6 |  7- 9 | 10-12 || total
-------------------------+-------+-------+-------+-------++-------
Melee: Unarmed           |     2 |       |       |       ||     2
       Short sword       |     2 |    26 |       |       ||    28
       Long sword        |       |     7 |   130 |    40 ||   177
Throw: Dart              |       |    15 |    20 |       ||    35
 Cast: Flame Tongue      |    58 |    67 |   116 |   119 ||   360
       Throw Flame       |    10 |    19 |    26 |    33 ||    88
       Inner Flame       |     4 |     2 |     3 |     3 ||    12
       Conjure Flame     |     2 |     4 |    15 |     8 ||    29
       Sticky Flame      |       |     2 |    18 |    19 ||    39
       Fireball          |       |       |     4 |    26 ||    30
       Animate Skeleton  |       |       |     5 |     4 ||     9
       Portal Projectile |       |       |     2 |       ||     2
       Static Discharge  |       |       |       |     9 ||     9
 Abil: Evoke Blink       |       |     1 |     2 |     1 ||     4
Evoke: Wand              |       |       |     1 |       ||     1
  Use: Scroll            |       |     6 |    12 |     6 ||    24
       Potion            |       |       |     4 |     5 ||     9
 Stab: Sleeping          |       |       |     1 |     1 ||     2
  Eat: Chunk             |     4 |     7 |     8 |    13 ||    32
       Ration            |       |       |     4 |     2 ||     6
Armor: Robe              |     2 |     9 |    34 |     8 ||    53
Dodge: Dodged            |    12 |    53 |   154 |    72 ||   291
       Deflected         |       |       |       |     4 ||     4
Block: Other             |       |       |    20 |     8 ||    28
       Reflection        |       |       |     2 |     2 ||     4
       Rpst.: Long sword |       |     7 |    40 |    13 ||    60
